 Dungeon Crawl Stone Soup version 0.28.0-53-g5a82cb258f (webtiles) character file.

Game seed: 8549961376932800941

1055 styxcanada the Covert (level 8, -2/39 HPs)
             Began as a Spriggan Brigand on July 3, 2022.
             Was an Initiate of Gozag.
             Slain by a gnoll
             ... wielding a +0 halberd
              (11 damage)
             ... on level 6 of the Dungeon.
             The game lasted 00:28:55 (6595 turns).

styxcanada the Covert (Spriggan Brigand)            Turns: 6595, Time: 00:28:56

Health: -2/39      AC:  4    Str:  7    XL:     8   Next: 5%
Magic:  13/13      EV: 18    Int: 13    God:    Gozag
Gold:   494        SH:  0    Dex: 18    Spells: 9/12 levels left

rFire   . . .      SeeInvis +   o - +6 short sword
rCold   . . .      Faith    .   (no shield)
rNeg    . . .      Spirit   .   b - +0 robe
rPois   .          Reflect  .   (helmet restricted)
rElec   .          Harm     .   c - +1 cloak
rCorr   .          Rampage  .   (gloves unavailable)
Will    +....                   (boots unavailable)
Stlth   +++++.....              (no amulet)
HPRegen 0.13/turn               h - ring of wizardry
MPRegen 0.13/turn               (no ring)

@: very quick
A: very small, no large weapons, unfitting armour, see invisible, speed 3
a: Renounce Religion, Potion Petition, Call Merchant, Bribe Branch


You were on level 6 of the Dungeon.
You worshipped Gozag.
Gozag was aware of your devotion.
You visited 1 branch of the dungeon, and saw 6 of its levels.

You collected 609 gold pieces.
You spent 72 gold pieces at shops.
You paid 43 gold pieces to Gozag.

Inventory:

Hand Weapons
 a - a +2 dagger
 o - a +6 short sword (weapon)
Missiles
 d - 5 poisoned darts (quivered)
 e - 2 curare-tipped darts
 j - 140 stones
 m - 18 sling bullets
 r - 3 silver boomerangs
Armour
 b - a +0 robe (worn)
 c - a +1 cloak (worn)
Magical Staves
 q - a staff of cold
Jewellery
 h - a ring of wizardry (left hand)
Wands
 v - a wand of digging (6)
Scrolls
 g - 5 scrolls of teleportation
 i - a scroll of enchant armour
 k - a scroll of fear
 x - a scroll of immolation {unknown}
 y - a scroll of identify
Potions
 f - 3 potions of heal wounds
 l - a potion of brilliance
 n - 2 potions of might
 p - a potion of curing
 s - a potion of flight
 t - a potion of cancellation {unknown}
 u - a potion of invisibility {unknown}
 w - a potion of degeneration {unknown}


   Skills:
 * Level 2.7 Fighting
 + Level 3.7 Short Blades
 + Level 3.3 Throwing
 * Level 3.8 Dodging
 * Level 10.3 Stealth
 * Level 2.7 Spellcasting
 * Level 2.6 Hexes
 * Level 1.8 Ice Magic
 * Level 3.1 Evocations


You had 9 spell levels left.
You knew the following spells:

 Your Spells              Type           Power      Damage    Failure   Level
a - Confusing Touch       Hex            8%         N/A       10%         3

Your spell library contained the following spells:

 Spells                   Type           Power      Damage    Failure   Level
 Ozocubu's Armour         Ice            6%         N/A       14%         3
 Ignite Poison            Fire/Tmut/Pois 1%         N/A       26%         3
 Mephitic Cloud           Conj/Pois/Air  1%         N/A       26%         3
 Yara's Violent Unravell  Hex/Tmut       2%         3d3       80%         5
 Freezing Cloud           Conj/Ice/Air   1%         6-21      87%         5
 Fireball                 Conj/Fire      0%         3d3       92%         5
 Starburst                Conj/Fire      0%         6d3       100%        6
 Enfeeble                 Hex            4%         N/A       100%        7
 Ozocubu's Refrigeration  Ice            3%         4d5       100%        7
 Ignition                 Fire           0%         3d3       100%        8


Dungeon Overview and Level Annotations

Branches:
Dungeon (6/15)
 Temple: D:4-7

Altars:
Dithmenos
Elyvilon
Gozag
Makhleb
Ru

Shops:
D:3 ?   D:5 *[

Annotations:
D:3 2 runed translucent doors, eooof's ghost, weakling DrBe


Innate Abilities, Weirdness & Mutations

You are very small and have problems with some larger weapons.
You are too small for most types of armour.
You have supernaturally acute eyesight. (SInv)
You cover ground extremely quickly. (Speed+++)


Message History

Found 18 bolts and a ring of see invisible.
You see here a scroll of identify.
y - a scroll of identify The adder closely misses you.
Found a stone staircase leading down.
You see here a Trismegistus Codex.
You pick up a Trismegistus Codex and begin reading...
You add the spells Ignite Poison, Mephitic Cloud and Freezing Cloud to your library.
The adder completely misses you.
You hit the adder.
The adder is heavily wounded.
The adder bites you.
* * * LOW HITPOINT WARNING * * *
You are lethally poisoned!
The adder poisons you!
* * * LOW HITPOINT WARNING * * *
You feel sick.
* * * LOW HITPOINT WARNING * * *
You feel sick.
You feel better. The adder completely misses you.
Things that are here:
6 gold pieces; a +0 robe; a +0 whip You now have 494 gold pieces (gained 6).
There is a stone staircase leading up, spattered with blood here.
Throw: 6 darts (poison)
Press: ? - help, Q - select action, (/) - cycle Shift-Dir - straight line, f - gnoll
Aim: a gnoll, wielding a +0 spear (66% to hit)
You throw a poisoned dart. The poisoned dart hits the gnoll.
The gnoll is poisoned.
You hit the adder.
The adder is severely wounded.
The adder completely misses you.
You hit the adder.
The adder is almost dead.
The adder misses you. The gnoll misses you. The adder misses you.
The gnoll misses you.
The gnoll hits you from afar with a +0 halberd!
You die...
Your body crumbles into a pile of gold.

###########
#.........# #####
#.........# .=...
#.........# ##...##
#.........# ##.....#
♣...@....# ##§§...§§
♣...S....####§§....§§
♣.♣..gg.......§....s§§
♣♣.♣♣.....##......_§§§
♣..$#.(......§§§...§.
♣...#..g....#§g§..§§§
....♣#.......##§§...§§
♣♣♣.♣ #...(...#
#§..§§# .♣
##......####...##


You could see 3 gnolls and an adder.

Vanquished Creatures
  Duvessa (D:4)
  A black bear (D:5)
  2 ogres (D:5)
  A gnoll sergeant (D:5)
  A scorpion (D:5)
  Dowan (D:4)
  3 bullfrog zombies
  A centaur zombie (D:5)
  A gnoll shaman (D:6)
  Jessica (D:2)
  A bullfrog skeleton (D:4)
  An orc wizard (D:5)
  A scorpion zombie (D:5)
  A killer bee zombie (D:6)
  8 gnolls
  A howler monkey zombie (D:5)
  7 adders
  2 ufetubi
  2 worms (D:4)
  2 dart slugs
  6 orcs (D:5)
  6 ball pythons
  5 bats
  8 endoplasms
  6 giant cockroaches
  5 goblins
  4 hobgoblins
  4 jackals (D:1)
  6 kobolds
  4 quokkas
  4 frilled lizards
  10 rats
107 creatures vanquished.

Notes
Turn   | Place    | Note
-------+----------+-------------------------------------------
     0 | D:1      | styxcanada the Spriggan Brigand began the quest for the
                  | Orb.
     0 | D:1      | Reached XP level 1. HP: 10/10 MP: 2/2
    45 | D:1      | Reached skill level 6 in Stealth
   503 | D:1      | Reached XP level 2. HP: 10/14 MP: 3/3
   982 | D:1      | Reached skill level 7 in Stealth
  1206 | D:1      | Reached XP level 3. HP: 9/18 MP: 4/4
  2024 | D:2      | Noticed Jessica
  2033 | D:2      | Killed Jessica
  2034 | D:2      | Reached skill level 8 in Stealth
  2034 | D:2      | Reached XP level 4. HP: 23/23 MP: 5/5
  2235 | D:2      | Learned a level 3 spell: Confusing Touch
  2688 | D:3      | Found an opulent altar of Gozag.
  2695 | D:3      | Became a worshipper of Gozag Ym Sagoz the Greedy
  2782 | D:3      | Found a large runed translucent door.
  2782 | D:3      | Found a large runed translucent door.
  2788 | D:3      | Noticed eooof's ghost (weakling DrBe)
  2869 | D:3      | Reached XP level 5. HP: 26/26 MP: 6/6
  2910 | D:3      | Found Hicvufoe's Magic Scroll Shop.
  2913 | D:3      | Bought a scroll of identify for 24 gold pieces
  2913 | D:3      | Bought a scroll of identify for 24 gold pieces
  2913 | D:3      | Bought a scroll of identify for 24 gold pieces
  3415 | D:4      | Found a burning altar of Makhleb.
  3437 | D:4      | Noticed Duvessa
  3437 | D:4      | Noticed Dowan
  3470 | D:4      | Killed Duvessa
  3471 | D:4      | Reached skill level 9 in Stealth
  3471 | D:4      | Reached skill level 1 in Spellcasting
  3471 | D:4      | Reached skill level 1 in Hexes
  3471 | D:4      | Reached skill level 1 in Evocations
  3493 | D:4      | Found a white marble altar of Elyvilon.
  3710 | D:4      | Killed Dowan
  3711 | D:4      | Reached skill level 1 in Ice Magic
  3711 | D:4      | Reached XP level 6. HP: 26/30 MP: 8/8
  4406 | D:4      | Found a sacrificial altar of Ru.
  4800 | D:5      | Entered Level 5 of the Dungeon
  5049 | D:5      | Found Erphonu's Neck Hole.
  5056 | D:5      | Reached XP level 7. HP: 16/35 MP: 10/10
  5648 | D:5      | Found Inguts's Antique Armour Shop.
  5654 | D:5      | Reached skill level 10 in Stealth
  6183 | D:5      | Reached XP level 8. HP: 12/39 MP: 11/13
  6544 | D:6      | Found a shadowy altar of Dithmenos.
  6579 | D:6      | HP: 1/39 [poisoned by an adder]
  6595 | D:6      | Slain by a gnoll

Illustrated notes

Levels and vault maps discovered:
D:1:      evilmike_arrival_fibonacci_small, layout_basic, grunt_decor_cap,
          glass_columns_a
D:2:      layout_basic, minmay_split_cup_small, uniq_jessica
D:3:      layout_loops_cross, nicolae_gozag_cash_rules_everything_around_me,
          ebering_ghost_disaster_area, serial_shops, nicolae_shop_behind_doors
D:4:      kennysheep_six_static_rooms, layout_basic, elyvilon_altar_1,
          lemuel_tele_altar, kennysheep_little_box, uniq_duvessa
D:5:      layout_loops_cross, serial_shops, nicolae_stop_n_shop_1,
          nicolae_shop_sticking_my_neck_out
D:6:      wander_river, layout_rooms, nicolae_yredelemnul_corpse_copse,
          nicolae_dithmenos_the_darkroom, grunt_temple_overflow_diamond,
          minmay_temple_entry_stoned_glass

Skill      XL: |  1  2  3  4  5  6  7 |
---------------+----------------------+-----
Stealth        | 6 7 8 9 10 | 10.3
Dodging        | 2 3 |  3.8
Fighting       | 2 |  2.7
Spellcasting   | 1 2 |  2.7
Hexes          | 1 2 |  2.6
Evocations     | 1 2 3 |  3.1
Ice Magic      | 1 |  1.8
Short Blades   | 3 |  3.7
Throwing       | 3 |  3.3

Action                   |  1- 3 |  4- 6 |  7- 9 || total
-------------------------+-------+-------+-------++-------
Melee: Dagger            |   114 |     1 |       ||   115
       Punch             |     1 |     1 |       ||     2
       Short sword       |       |   112 |    64 ||   176
Throw: Dart              |     7 |    30 |    30 ||    67
       Stone             |       |     2 |       ||     2
       Throwing net      |       |     1 |       ||     1
  Use: Scroll            |     1 |    13 |     2 ||    16
       Potion            |       |       |     1 ||     1
 Stab: Sleeping          |    15 |    19 |     3 ||    37
       Distracted        |       |     1 |     2 ||     3
Armor: Robe              |    32 |    13 |     9 ||    54
Dodge: Dodged            |   100 |    96 |    78 ||   274
